 Dungeon Crawl Stone Soup version 0.29.0-13-gc9e81de378 (webtiles) character file.

Game seed: 3909105701385822287

63 cdecastro the Magician (level 4, -1/32 HPs)
             Began as a Djinni Transmuter on Sept 9, 2022.
             Slain by an orc wizard
             ... wielding a +0 dagger
              (2 damage)
             ... on level 3 of the Dungeon.
             The game lasted 00:05:05 (3071 turns).

cdecastro the Magician (Djinni Transmuter)          Turns: 3071, Time: 00:05:06

Health: -1/32      AC:  2    Str:  9    XL:     4   Next: 30%
Gold:   125        EV: 12    Int: 17    God:
                   SH:  0    Dex: 13

rFire   + + .      SeeInvis .     - Unarmed
rCold   x . .      Faith    .   (no shield)
rNeg    . . .      Spirit   .   a - +0 robe
rPois   ∞          Reflect  .   (no helmet)
rElec   .          Harm     .   (no cloak)
rCorr   .          Rampage  .   (no gloves)
Will    .....                   (boots unavailable)
Stlth   +.........              (no amulet)
HPRegen 0.10/turn               (no ring)
MPRegen 0.00/turn               (no ring)

@: flying
A: sickness immunity, fire resistance 2, cold vulnerability 1, float, innate
caster, HP casting, extra vitality 1
a: no special abilities


You were on level 3 of the Dungeon.
You visited 1 branch of the dungeon, and saw 3 of its levels.

You collected 125 gold pieces.

Inventory:

Missiles
 c - 13 stones
 d - 5 boomerangs
Armour
 a - a +0 robe (worn)
 i - a +0 pair of gloves
 r - a +0 leather armour
 s - a +0 ring mail
Magical Staves
 g - a staff of fire
Scrolls
 e - a scroll of silence {unknown}
 h - a scroll of amnesia {unknown}
 j - a scroll of teleportation {unknown}
 k - a scroll of torment {unknown}
 l - a scroll of blinking {unknown}
 n - a scroll of enchant armour {unknown}
 p - a scroll of magic mapping {unknown}
 q - a scroll of identify {unknown}
 t - a scroll of vulnerability {unknown}
 u - a scroll of poison {unknown}
 v - a scroll of brand weapon {unknown}
Potions
 b - a potion of lignification
 f - a potion of resistance {unknown}
 m - a potion of curing
 o - a potion of haste {unknown}
 w - a potion of flight {unknown}


   Skills:
 - Level 1.0 Fighting
 - Level 2.1 Dodging
 - Level 3.0 Unarmed Combat
 + Level 3.2 Spellcasting


You couldn't memorise any spells.
You knew the following spells:

 Your Spells              Type           Power      Damage    Failure   Level
a - Beastly Appendage     Tmut           26%        N/A       4%          1
b - Wereblood             Tmut           13%        N/A       7%          2
c - Spider Form           Tmut/Pois      13%        N/A       13%         3
d - Ice Form              Ice/Tmut       13%        N/A       41%         4
e - Apportation           Tloc           26%        N/A       4%          1
Your spell library was empty.

Dungeon Overview and Level Annotations

Branches:
Dungeon (3/15)

Altars:
Elyvilon

Annotations:
D:3 Natasha, Terence


Innate Abilities, Weirdness & Mutations

You are immune to sickness and miasma.
You are immune to poison.
Your flesh is very heat resistant. (rF++)
You are vulnerable to cold. (rC-)
You float through the air rather than walking.
You learn spells naturally, not from books.
Your magical power is your life essence.
You have superior vitality. (+4 MHP)


Message History

You barely miss the orc.
The orc is heavily wounded.
The orc closely misses you.
You hit the orc but do no damage. You headbutt the orc.
You feel a bit better.
You kill the orc!
You hit something but do no damage. You miss something. Something hits you.
You barely miss something. Something hits you.
* * * LOW HITPOINT WARNING * * *
You hit something.
Your horns disappear.
Something hits you.
* * * LOW HITPOINT WARNING * * *
You closely miss something. Something hits you.
* * * LOW HITPOINT WARNING * * *
You closely miss something. Something barely misses you.
You closely miss something. Something hits you.
* * * LOW HITPOINT WARNING * * *
You closely miss something. Something hits you.
* * * LOW HITPOINT WARNING * * *
You closely miss something.
You howl as the wereblood boils in your veins!
Your primal bloodlust is almost over.
Something hits you but does no damage.
You closely miss something. Something hits you.
* * * LOW HITPOINT WARNING * * *
You hit something but do no damage. Something hits you.
* * * LOW HITPOINT WARNING * * *
You closely miss something. Something hits you but does no damage.
You hit something. Something hits you but does no damage.
You hit something but do no damage. Something hits you.
* * * LOW HITPOINT WARNING * * *
You closely miss something.
Your primal bloodlust has ended.
You hear some strange, mumbled words.
Something tries to affect you, but you resist.
You hit something. Something hits you.
* * * LOW HITPOINT WARNING * * *
You barely miss something. Something hits you.
You die...

#.. ##.##..≈# .. #.#
###≈≈≈...## #
#.###≈≈≈..#.##
#.##≈≈##..##.##
##..~≈..#.≈~##.#
..##.≈≈~..≈~)##
#.#####≈.##≈≈.#### #.#
#≈.####..#.. #@#
#..#####...# ## #{#
##...........
#...##o####..........##
#..............###.#..#
..............## ####+#
.......###........#
....... #..#...####
#......#..##...#
#........# #..##


You could see an orc.

Vanquished Creatures
  2 worms (D:3)
  3 orcs (D:3)
  9 endoplasms
  2 giant cockroaches
  5 goblins
  7 hobgoblins (D:1)
  2 jackals (D:1)
  3 kobolds
  2 quokkas
  A ball python (D:1)
  4 bats
  7 rats
47 creatures vanquished.

Notes
Turn   | Place    | Note
-------+----------+-------------------------------------------
     0 | D:1      | cdecastro the Djinni Transmuter began the quest for the
                  | Orb.
     0 | D:1      | cdecastro set off with the following spells memorised:
                  | Beastly Appendage, Wereblood, Spider Form, Ice Form.
     0 | D:1      | Reached XP level 1. HP: 17/17 MP: 0/0
   372 | D:1      | Reached XP level 2. HP: 21/22 MP: 0/0
   855 | D:1      | Reached XP level 3. HP: 18/27 MP: 0/0
   855 | D:1      | Learned a level 1 spell: Apportation
  1439 | D:2      | Found a white marble altar of Elyvilon.
  2224 | D:3      | Noticed Terence
  2256 | D:3      | Reached XP level 4. HP: 10/32 MP: 0/0
  2477 | D:3      | Noticed Natasha
  2483 | D:3      | Noticed a necrophage
  3070 | D:3      | HP: 1/32 [something (2)]
  3071 | D:3      | Slain by an orc wizard

Illustrated notes

Levels and vault maps discovered:
D:1:      dpeg_arrival_pond, layout_rooms, minmay_tall_x
D:2:      layout_basic, basic_altar
D:3:      layout_rooms, nicolae_overflow_ecumenical_swirl,
          mainiacjoe_overflow_catwalk, serial_rivers,
          chequers_serial_rivers_micro_d, chequers_serial_rivers_small_b,
          chequers_serial_rivers_room_b, chequers_serial_rivers_large_b,
          chequers_serial_rivers_marsh, kennysheep_generic_room_13,
          uniq_grinder, uniq_natasha, uniq_jessica, uniq_terence

Skill      XL: |  1  2  3 |
---------------+----------+-----
Spellcasting   | 2 3 |  3.2
Fighting       | |  1.0
Dodging        | |  2.1
Unarmed Combat | |  3.0

Action                   |  1- 3 |  4- 6 || total
-------------------------+-------+-------++-------
Melee: Unarmed           |   128 |    52 ||   180
       Headbutt          |    18 |     7 ||    25
       Punch             |     4 |       ||     4
 Cast: Beastly Appendage |    25 |     3 ||    28
       Wereblood         |       |     1 ||     1
 Stab: Sleeping          |     1 |     1 ||     2
       Distracted        |     1 |       ||     1
Armor: Robe              |    22 |     5 ||    27
Dodge: Dodged            |    82 |    23 ||   105
